Map: 뉴 리퍼그넌시 - 래더

Players

Namshar

  • Race: Zerg Zerg
  • Spawn Location: 1:00

sOs - Winner!

  • Race: Protoss Protoss
  • Spawn Location: 7:00

Event: IEM Season 13: Katowice (2019)

VOD

Have the link to the VOD?

Description

Time

  • Played on: Feb. 25, 2019, 6:52 a.m.
  • Length: 10:37

All games in this series

Show
View Real Time Build Order
Export as new Build Order

Namshar Zerg 

Build Orders: Hatch First 

Get SALT Encoding   

  12  0:00  Drone  
  13  0:12  Overlord  
  13  0:17  Drone  
  14  0:30  Drone  
  15  0:45  Hatchery  
  15  0:48  Drone  
  15  0:52  Drone  
  15  0:55  Drone  
  17  1:02  Drone  
  18  1:15  Spawning Pool  
  17  1:18  Extractor  
  17  1:20  Drone  
  17  1:26  Drone  
  18  1:33  Drone  
  19  1:45  Drone  
  20  1:54  Overlord  
  20  2:01  Queen  
  20  2:02  Queen, Zergling x2  
  20  2:03  Zergling x2  
  26  2:09  Drone  
  26  2:14  Drone  
  28  2:18  Drone  
  28  2:21  Metabolic Boost  
  29  2:27  Drone  
  29  2:28  Drone  
  31  2:35  Drone  
  32  2:43  Hatchery  
  31  2:50  Queen  
  32  2:55  Overlord  
  32  2:56  Drone  
  32  2:58  Drone  
  34  3:03  Drone  
  34  3:05  Drone  
  36  3:15  Drone x2  
  36  3:18  Overlord, Drone x3  
  41  3:21  Drone x2  
  41  3:22  Drone  
  44  3:31  Spore Crawler  
  43  3:34  Roach Warren  
  43  3:36  Queen  
  43  3:41  Drone x2  
  46  3:46  Drone  
  46  3:47  Drone x2  
  46  3:48  Overlord  
  49  3:49  Drone  
  49  3:52  Zergling x2  
  51  3:56  Zergling x2  
  51  4:00  Extractor x2  
  51  4:02  Drone  
  51  4:03  Drone  
  51  4:04  Overlord  
  51  4:05  Drone  
  51  4:06  Drone  
  51  4:09  Drone  
  55  4:14  Drone  
  55  4:15  Overlord  
  56  4:23  Overlord  
  56  4:24  Overlord  
  56  4:33  Roach  
  56  4:34  Roach x3, Overlord  
  56  4:36  Roach x2  
  68  4:39  Roach x2  
  68  4:44  Spore Crawler  
  68  4:45  Spore Crawler  
  69  4:48  Spore Crawler  
  69  4:49  Roach  
  70  5:01  Roach x2  
  70  5:06  Drone x2  
  70  5:07  Drone  
  74  5:09  Roach  
  76  5:18  Drone  
  76  5:19  Drone x2  
  76  5:20  Lair  
  78  5:29  Queen  
  78  5:30  Drone  
  78  5:32  Drone  
  78  5:33  Drone  
  78  5:34  Evolution Chamber  
  82  5:36  Roach x2  
  82  5:40  Roach  
  82  5:42  Ravager  
  89  5:43  Ravager  
  89  5:46  Overlord  
  89  5:49  Roach  
  94  5:50  Roach, Drone  
  95  6:03  Roach x2  
  97  6:04  Drone x2  
  97  6:05  Drone  
  97  6:07  Zerg Missile Weapons Level 1  
  100  6:16  Drone x2  
  100  6:17  Overlord x2, Glial Reconstitution  
  102  6:21  Drone  
  102  6:22  Extractor  
  102  6:30  Overlord x3  
  102  6:37  Roach  
  102  6:38  Roach x5, Overseer  
  114  6:41  Hatchery  
  114  6:43  Zergling x2  
  114  6:47  Overlord x3  
  114  6:59  Overlord  
  114  7:00  Drone x3  
  117  7:01  Roach  
  117  7:02  Roach x3  
  117  7:06  Roach, Drone  
  117  7:07  Drone x2  
  130  7:12  Ravager x3  
  130  7:13  Roach x2  
  136  7:20  Roach  
  136  7:21  Roach x3  
  144  7:25  Roach  
  144  7:26  Roach x2  
  144  7:29  Roach, Zergling x4  
  154  7:35  Extractor  
  151  7:47  Drone  
  151  7:48  Hydralisk Den  
  151  7:52  Drone x4  
  151  7:53  Extractor  
  151  7:54  Ravager x2  
  151  7:55  Drone x3  
  151  7:57  Drone x3  
  162  8:00  Roach x3  
  168  8:10  Queen  
  168  8:15  Roach x7  
  176  8:27  Overlord x3  
  176  8:33  Pneumatized Carapace  
  173  8:41  Grooved Spines  
  173  8:45  Extractor  
  172  8:49  Roach x4, Zergling x2  
  172  8:50  Zergling x16  
  189  8:56  Roach x5  
  197  9:04  Roach  
  197  9:05  Roach x2  
  197  9:07  Queen  
  197  9:08  Queen  
  163  9:17  Roach x5  
  163  9:22  Roach x2  
  152  9:26  Roach x5  
  142  9:34  Roach x5  
  142  9:35  Roach x2  
  142  9:37  Queen  
  139  9:41  Roach  
  136  9:48  Roach x2  
  136  9:51  Roach  
  115  9:54  Queen  
  115  9:55  Roach  
  115  9:56  Roach x3  
  115  9:59  Queen  
  111  10:04  Roach x2  
  109  10:07  Roach x2  
  109  10:14  Roach  
Show
View Real Time Build Order
Export as new Build Order

sOs Protoss - Winner!

Build Orders: 1 Gate Expand, Archon Immortal, Archon Drop, Dark Templar Rush 

Get SALT Encoding   

  12  0:00  Probe  
  13  0:12  Probe  
  14  0:19  Pylon  
  14  0:24  Probe  
  15  0:34  Probe  
  15  0:39  Gateway  
  15  0:42  Probe  
  16  0:48  Assimilator  
  17  0:51  Probe  
  18  1:03  Probe  
  19  1:15  Probe  
  20  1:25  Nexus  
  20  1:35  Cybernetics Core  
  20  1:38  Probe  
  21  1:45  Assimilator  
  21  1:50  Probe  
  21  1:53  Pylon  
  22  2:02  Adept  
  22  2:03  Probe  
  23  2:12  Warp Gate  
  23  2:15  Probe  
  26  2:20  Twilight Council  
  26  2:27  Probe  
  27  2:32  Stalker  
  29  2:39  Probe  
  29  2:43  Probe  
  31  2:49  Robotics Facility  
  30  2:52  Probe  
  30  2:56  Probe  
  31  3:04  Probe x2  
  34  3:16  Probe x2  
  34  3:17  Dark Shrine  
  36  3:28  Gateway, Probe  
  36  3:29  Warp Prism  
  36  3:33  Gateway  
  40  3:41  Probe  
  40  3:43  Probe  
  41  3:50  Gateway  
  41  3:54  Assimilator  
  41  3:57  Probe x2  
  41  4:01  Pylon  
  43  4:05  Assimilator  
  43  4:08  Probe  
  43  4:09  Probe  
  45  4:11  Pylon  
  45  4:16  Probe  
  45  4:22  Probe  
  47  4:24  Probe  
  48  4:34  Probe  
  48  4:38  Dark Templar x3  
  55  4:44  Dark Templar  
  55  4:45  Probe  
  58  4:46  Pylon  
  58  4:47  Observer  
  59  5:05  Immortal  
  60  5:07  Probe x2  
  60  5:10  Forge  
  65  5:24  Pylon  
  65  5:29  Protoss Ground Weapons Level 1, Probe  
  65  5:30  Probe  
  65  5:31  Gateway  
  65  5:32  Gateway  
  67  5:36  Sentry  
  67  5:37  Immortal  
  67  5:42  Archon  
  69  5:43  Archon  
  69  5:46  Probe x2  
  69  5:47  Nexus  
  75  5:51  Sentry  
  75  5:54  Pylon  
  78  6:04  Gateway, Probe  
  78  6:06  Gateway  
  78  6:07  Immortal  
  78  6:08  Charge  
  82  6:19  Sentry  
  82  6:22  Observer  
  84  6:28  Probe x2  
  84  6:30  Pylon  
  86  6:37  Templar Archives  
  86  6:46  Pylon  
  86  6:48  Observer  
  86  6:50  Zealot x4  
  86  6:53  Protoss Ground Weapons Level 2  
  94  6:55  Pylon  
  94  6:59  Probe x3  
  94  7:00  Zealot x2  
  101  7:06  Pylon  
  101  7:07  Immortal  
  101  7:21  Probe  
  106  7:23  Pylon  
  106  7:28  High Templar x2  
  106  7:29  Zealot x2  
  114  7:32  Archon  
  114  7:34  Zealot x2  
  114  7:36  Pylon  
  118  7:40  Immortal  
  122  7:56  Probe  
  122  7:57  Probe x2, Assimilator x2, High Templar x2  
  129  7:59  Zealot x3  
  129  8:03  Archon  
  135  8:06  Zealot x2  
  135  8:08  Shield Battery  
  139  8:18  Probe  
  140  8:20  Dark Templar  
  140  8:21  Dark Templar  
  144  8:31  Pylon  
  144  8:44  Pylon  
  144  8:46  Pylon  
  144  8:49  Pylon  
  144  8:51  Pylon  
  144  8:54  Nexus  
  144  8:55  High Templar x3, Archon  
  148  8:56  Zealot x2, High Templar  
  148  9:00  Archon x2  
  118  9:24  Zealot x4  
  118  9:25  Probe x3  
  119  9:35  Zealot x4  
  119  9:37  Probe x2  
  119  9:46  Immortal  
  111  9:53  Zealot x4  
  111  9:56  Probe  
  111  9:57  Zealot x2, Pylon  
  111  9:58  Zealot x2  
  110  10:18  Zealot  
  110  10:19  Zealot x7  
  124  10:23  Photon Cannon, Probe x2  

Tags
 
Add a new tag
Caveats
  • Supply blocks, unpowered buildings, or Contaminate may cause inaccurate times.
  • Supply counts are checked every 10 seconds.